 Dungeon Sprint DCSS version 0.26-a0-649-gf8c6c3aab7 (webtiles) character file.

Game seed: 1136454539019545008

1952 sahdkjhfkaj the Grappler (level 8, -2/88 HPs)
             Began as a Troll Monk on Sept 26, 2020.
             Was a Priest of Ashenzari.
             Slain by a manticore (12 damage)
             ... in the Dungeon (Sprint VII: "The Pits").
             The game lasted 00:02:45 (785 turns).

sahdkjhfkaj the Grappler (Troll Monk)                Turns: 785, Time: 00:02:46

Health: -2/88      AC:  8    Str: 22    XL:     8   Next: 99%
Magic:  7/7        EV: 20    Int:  6    God:    Ashenzari [***...]
Gold:   0          SH:  0    Dex: 12    Spells: 7/7 levels left

rFire    . . .     SeeInvis +     - Unarmed
rCold    . . .     Faith    .   (no shield)
rNeg     . . .     Spirit   .   a - +0 robe (curse)
rPois    .         Reflect  .   (helmet restricted)
rElec    .         Harm     .   i - +0 cloak
rCorr    .         Rampage  .   (gloves unavailable)
MR       .....     NoTele   +   (boots unavailable)
Stlth    ++........             (no amulet)
HPRegen  0.64/turn              m - +3 ring of evasion (curse)
MPRegen  0.10/turn              n - +3 ring of evasion (curse)

@: no status effects
A: large, unfitting armour, claws 3, regeneration 1, shaggy fur 1, tough skin 3
a: Curse Item, Scrying, Renounce Religion


You were in the Dungeon.
You worshipped Ashenzari.
Ashenzari was most pleased with you.
You visited 1 branch

Inventory:

Armour
 a - a cursed +0 robe (worn)
 i - a +0 cloak (worn)
Jewellery
 m - a cursed +3 ring of evasion (left claw)
 n - a cursed +3 ring of evasion (right claw)
Wands
 l - a wand of flame (17)
Scrolls
 g - a scroll of blinking
 j - 5 scrolls of amnesia
 k - a scroll of summoning
Potions
 b - 8 potions of curing
 c - 7 potions of heal wounds
 d - a potion of haste
 e - 4 potions of magic
 f - 6 potions of berserk rage
 h - 2 potions of invisibility
 o - a potion of brilliance
 p - a potion of resistance


   Skills:
 + Level 8.1 Fighting
 + Level 7.5 Armour
 + Level 8.1 Dodging
 - Level 1.0 Stealth
 * Level 12.8 Unarmed Combat


You had 7 spell levels left.
You didn't know any spells.
Your spell library was empty.

Dungeon Overview and Level Annotations

Branches:
Dungeon (1/1)

Altars:
Ashenzari
Cheibriados
Dithmenos
Elyvilon
Fedhas
Gozag
Hepliaklqana
Kikubaaqudgha
Makhleb
Nemelex Xobeh
Okawaru
Qazlal
Ru
Sif Muna
Trog
Uskayaw
Vehumet
Wu Jian
Xom
Yredelemnul
Zin
The Shining One
Beogh
Jiyva
Lugonu


Innate Abilities, Weirdness & Mutations

You are too large for most types of armour.
You have claws for hands.
Your natural rate of healing is unusually fast.
You are covered in fur. (AC +1)
You have extremely tough skin. (AC +3)


Message History

The manticore is heavily wounded.
The manticore bites you!!
* * * LOW HITPOINT WARNING * * *
The manticore claws you!
* * * LOW HITPOINT WARNING * * *
The manticore barely misses you.
You scratch the manticore. Your claw misses the manticore.
The manticore is heavily wounded.
Unknown command.
You scratch the manticore but do no damage.
The manticore is heavily wounded.
The manticore bites you.
* * * LOW HITPOINT WARNING * * *
The manticore completely misses you. The manticore claws you.
* * * LOW HITPOINT WARNING * * *
Unknown command.
You claw the manticore!
The manticore is severely wounded.
The manticore bites you!
You die...

...........+ * *
.#..#......#* , ,
...........# ,,, ,
####''###### * ** * *
* ..##''##### *
####### ..##......#
{,,......#* ,
..##......# * { .....#
,, ** ..###....##
####...# * ..# ##''##
###..@H..+ , *
..###....###....##+##,
..##......#....##, , ,
####......'....+,{ {,
, ####......#....## *
, [.###....###...)# ,
[[# ##++## ###..+,, *
))# *{s{{# ####, , ))#
D{{x.{# {{{,, ,*


You could see a manticore.

Vanquished Creatures
  A deep troll (D)
  A red devil (D)
  A ynoxinul (D)
  A wraith (D)
  A porcupine (D)
  Duvessa (D)
  A sky beast (D)
  A phantom (D)
  A necrophage (D)
  A wolf (D)
  A crocodile (D)
  A big kobold (D)
  Dowan (D)
  A jelly (D)
  A quasit (D)
  2 iguanas (D)
  A worker ant (D)
  A white imp (D)
  An ufetubus (D)
  An ooze (D)
  An adder zombie (D)
  A worm (D)
  A leopard gecko (D)
  An orc (D)
  A bat zombie (D)
  A giant cockroach (D)
  A goblin (D)
  A giant cockroach zombie (D)
  A jackal zombie (D)
  A kobold (D)
31 creatures vanquished.

Notes
Turn   | Place    | Note
-------+----------+-------------------------------------------
     0 | D        | sahdkjhfkaj the Troll Monk began the quest for the Orb.
     0 | D        | Reached XP level 1. HP: 22/22 MP: 0/0
    20 | D        | Found a bloodstained altar of Trog.
    20 | D        | Found a shimmering blue altar of Sif Muna.
    20 | D        | Found a viscous altar of Jiyva.
    20 | D        | Found a hazy altar of Hepliaklqana.
    20 | D        | Found an opulent altar of Gozag.
    21 | D        | Found a glowing golden altar of the Shining One.
    21 | D        | Found a glowing silver altar of Zin.
    21 | D        | Found a basalt altar of Yredelemnul.
    21 | D        | Found a shimmering altar of Xom.
    21 | D        | Found an ornate altar of the Wu Jian Council.
    21 | D        | Found a sacrificial altar of Ru.
    21 | D        | Found a stormy altar of Qazlal.
    21 | D        | Found an iron altar of Okawaru.
    21 | D        | Found a sparkling altar of Nemelex Xobeh.
    21 | D        | Found a burning altar of Makhleb.
    21 | D        | Found a blossoming altar of Fedhas.
    21 | D        | Found a white marble altar of Elyvilon.
    21 | D        | Found a shadowy altar of Dithmenos.
    21 | D        | Found a snail-covered altar of Cheibriados.
    22 | D        | Found a radiant altar of Vehumet.
    22 | D        | Found a corrupted altar of Lugonu.
    22 | D        | Found a roughly hewn altar of Beogh.
    23 | D        | Found an ancient bone altar of Kikubaaqudgha.
    23 | D        | Found a hide-covered altar of Uskayaw.
    23 | D        | Found a broken altar of Ashenzari.
    31 | D        | Became a worshipper of Ashenzari the Shackled
    31 | D        | Reached * piety under Ashenzari
    31 | D        | Reached ** piety under Ashenzari
    68 | D        | Noticed a worker ant
    77 | D        | Killed a worker ant
    77 | D        | Reached skill level 1 in Armour
    77 | D        | Reached skill level 4 in Unarmed Combat
    77 | D        | Reached XP level 2. HP: 23/31 MP: 1/1
   125 | D        | Reached XP level 3. HP: 33/37 MP: 2/2
   141 | D        | Reached skill level 5 in Unarmed Combat
   190 | D        | Noticed a big kobold
   194 | D        | Killed a big kobold
   194 | D        | Reached skill level 6 in Unarmed Combat
   194 | D        | Reached XP level 4. HP: 48/48 MP: 3/3
   203 | D        | Reached skill level 7 in Unarmed Combat
   203 | D        | Reached XP level 5. HP: 45/55 MP: 4/4
   244 | D        | Noticed a phantom
   244 | D        | Noticed Duvessa
   244 | D        | Noticed Dowan
   253 | D        | Killed Duvessa
   253 | D        | Reached skill level 5 in Fighting
   253 | D        | Reached skill level 5 in Dodging
   253 | D        | Reached skill level 8 in Unarmed Combat
   253 | D        | Reached XP level 6. HP: 50/66 MP: 5/5
   261 | D        | Killed Dowan
   261 | D        | Reached skill level 5 in Armour
   261 | D        | Reached skill level 9 in Unarmed Combat
   318 | D        | Noticed a sky beast
   318 | D        | Noticed a ynoxinul
   330 | D        | Killed a sky beast
   330 | D        | Reached skill level 10 in Unarmed Combat
   330 | D        | Reached XP level 7. HP: 25/75 MP: 6/6
   342 | D        | Killed a ynoxinul
   342 | D        | Reached skill level 11 in Unarmed Combat
   535 | D        | Reached *** piety under Ashenzari
   547 | D        | Noticed a deep troll
   571 | D        | Killed a deep troll
   571 | D        | Reached skill level 12 in Unarmed Combat
   571 | D        | Reached XP level 8. HP: 78/87 MP: 7/7
   641 | D        | Noticed an unseen horror
   641 | D        | Noticed a jumping spider
   646 | D        | Noticed a red devil
   673 | D        | Killed a red devil
   769 | D        | Noticed a manticore
   785 | D        | Slain by a manticore

Illustrated notes

Levels and vault maps discovered:
D:        pitsprint [storerooms_1, entrance_room_1, metal_vault_2, armoury_2,
          mini_pit_1, grid_room_1, main_hall_1, silver_pit, the_coven_1,
          the_vestibule_1, steel_vault_4, golden_pit, hallway_of_sentries,
          crystal_vault_2, iron_vault_3, final_vault]

Skill      XL: |  1  2  3  4  5  6  7  8 |
---------------+-------------------------+-----
Fighting       | 3 4 5 6 7 8 |  8.1
Armour         | 1 3 4 5 7 |  7.5
Dodging        | 3 4 5 6 7 8 |  8.1
Unarmed Combat | 4 6 7 8 10 12 | 12.8
Stealth        | |  1.0

Action                   |  1- 3 |  4- 6 |  7- 9 || total
-------------------------+-------+-------+-------++-------
Melee: Unarmed           |    42 |    37 |    49 ||   128
       Punch             |       |     1 |       ||     1
Invok: Curse Item        |     1 |       |     2 ||     3
  Use: Potion            |       |     1 |     3 ||     4
 Stab: Sleeping          |     2 |     1 |       ||     3
Armor: Robe              |    19 |     8 |    12 ||    39
Dodge: Dodged            |    29 |    11 |    59 ||    99

Table legend: (Time is in decaauts)
 A = Elapsed time spent in this place.
 B = Non-inter-level travel time spent in this place.
 C = Inter-level travel time spent in this place.
 D = Time resting spent in this place.
 E = Time spent auto-exploring this place.
 F = Levels seen in this place.
 G = Mean time per level.
                   A        B        C        D        E       F      G
               +--------+--------+--------+--------+--------+-----+--------+
         Total |    778 |    716 |     62 |    341 |      0 |   1 |  778.0 |
       Dungeon |    778 |    716 |     62 |    341 |      0 |   1 |  778.0 |
               +--------+--------+--------+--------+--------+-----+--------+

Top non-repeatable levels by time:
       D: 778 daAuts
